 Dungeon Crawl Stone Soup version 0.29.1-15-g9cfb28693d (webtiles) character file.

Game seed: 5537131281303431770

85675 DildoBatman the Peltast (level 16, -16/127 HPs)
             Began as a Formicid Conjurer on Feb 21, 2023.
             Was an Initiate of Gozag.
             Demolished by an ettin
             ... wielding a +3 dire flail
              (31 damage)
             ... on level 2 of the Orcish Mines.
             The game lasted 01:45:57 (24788 turns).

DildoBatman the Peltast (Formicid Conjurer)        Turns: 24788, Time: 01:45:57

Health: -16/127    AC: 17    Str: 17    XL:     16   Next: 31%
Magic:  24/31      EV: 15    Int: 28    God:    Gozag
Gold:   3306       SH:  8    Dex: 12    Spells: 25/37 levels left

rFire   . . .      SeeInvis +   a - +8 quarterstaff (spect)
rCold   . . .      Faith    .   g - +0 buckler
rNeg    . . .      Spirit   .   o - +2 troll leather armour {Snorg}
rPois   +          Reflect  .   (helmet unavailable)
rElec   .          Harm     .   r - +0 cloak
rCorr   .          Rampage  .   J - +0 pair of gloves
Will    ++...                   D - +3 pair of boots of Past Mistakes {Int+5}
Stlth   ++........              (no amulet)
HPRegen 1.11/turn               m - +4 ring of slaying
MPRegen 0.22/turn               k - ring of Lucidity {rPois Will+ Str+4}

@: studying Ice Magic
A: permanent stasis, dig shafts and tunnels, antennae 3, four strong arms,
iridescent scales 1, dopey 1, wild magic 1, sturdy frame 1
a: Dig, Shaft Self, Renounce Religion, Potion Petition, Call Merchant, Bribe
Branch


You were on level 2 of the Orcish Mines.
You worshipped Gozag.
Gozag was most pleased with you.
You visited 4 branches of the dungeon, and saw 20 of its levels.
You also visited: Ice Cave.

You collected 5044 gold pieces.
You spent 1114 gold pieces at shops.
You paid 624 gold pieces to Gozag.

Inventory:

Hand Weapons
 a - a +8 spectral quarterstaff (weapon)
 b - the +7 trident of Impeachment {vorpal, Drain Int+10}
   (You took it off a spriggan on level 10 of the Dungeon)

   It inflicts extra damage upon your enemies.
   Int:       It affects your intelligence (+10).
   Drain:     It drains your maximum health when unequipped.
 c - a +0 shortbow of flaming
 d - the +10 quarterstaff of Crusades {vorpal, rN+}
   (You found it on level 5 of the Lair of Beasts)

   It inflicts extra damage upon your enemies.
   rN:        It protects you from negative energy.
 e - a +2 scimitar of flaming
 f - the +7 dagger of Recklessness {vorpal, rPois rC+}
   (You found it on level 2 of the Lair of Beasts)

   It inflicts extra damage upon your enemies.
   rC:        It protects you from cold.
   rPois:     It protects you from poison.
 q - the +6 scimitar "Juacanao" {protect, rElec}
   (You bought it in a shop on level 2 of the Orcish Mines)

   It grants its wielder temporary protection when it strikes (+7 to AC).
   rElec:     It insulates you from electricity.
Missiles
 G - 2 throwing nets
 M - 49 poisoned darts (quivered)
 P - 3 silver javelins
Armour
 g - a +0 buckler (worn)
 o - a +2 troll leather armour (worn) {Snorg}
 r - a +0 cloak (worn)
 D - the +3 pair of boots of Past Mistakes (worn) {Int+5}
   (You found it on level 1 of the Lair of Beasts)

   Int:       It affects your intelligence (+5).
 J - a +0 pair of gloves (worn)
Magical Staves
 w - a staff of fire
Jewellery
 k - the ring of Lucidity (right hand) {rPois Will+ Str+4}
   (You found it in an ice cave)

   [ring of willpower]

   Str:       It affects your strength (+4).
   rPois:     It protects you from poison.
   Will:      It increases your willpower.
 m - a +4 ring of slaying (left hand)
 v - the ring of Ephemeral Luck {Ice Will+}
   (You found it in an ice cave)

   [ring of ice]

   It enhances your ice magic.
   rF:        It makes you vulnerable to fire.
   rC:        It protects you from cold.
   Will:      It increases your willpower.
 B - the ring of Ygeuroom {Fire Str+4 Int+3}
   (You found it in an ice cave)

   [ring of fire]

   It enhances your fire magic.
   Str:       It affects your strength (+4).
   Int:       It affects your intelligence (+3).
   rF:        It protects you from fire.
   rC:        It makes you vulnerable to cold.
 H - a ring of flight
Wands
 s - a wand of flame (4)
 y - a wand of roots (17)
 R - a wand of paralysis (27)
 S - a wand of quicksilver (22)
 Z - a wand of mindburst (21)
Scrolls
 j - 3 scrolls of fear
 p - 6 scrolls of fog
 z - a scroll of identify
 A - 2 scrolls of poison
 C - 2 scrolls of magic mapping
 E - 8 scrolls of immolation
 K - 5 scrolls of amnesia
Potions
 h - 3 potions of resistance
 i - 3 potions of heal wounds
 t - 2 potions of berserk rage {unknown}
 u - 2 potions of brilliance
 x - 3 potions of magic
 I - a potion of haste {unknown}
 L - 3 potions of ambrosia
 N - 2 potions of invisibility {unknown}
 O - a potion of might
 T - 11 potions of curing
 W - 2 potions of cancellation {unknown}
Miscellaneous
 U - a condenser vane
 V - a phial of floods


   Skills:
 - Level 12.0 Fighting
 - Level 4.0 Staves
 - Level 12.0 Armour
 - Level 9.0 Dodging
 - Level 2.4 Stealth
 - Level 16.0 Shields
 - Level 11.0 Spellcasting
 - Level 6.0 Conjurations
 * Level 10.7 Necromancy
 - Level 4.0 Air Magic
 - Level 6.0 Poison Magic


You had 25 spell levels left.
You knew the following spells:

 Your Spells              Type           Power      Damage    Failure   Level
a - Searing Ray           Conj           100%       2d8       1%          2
c - Magic Dart            Conj           100%       1d8       1%          1
e - Mephitic Cloud        Conj/Pois/Air  56%        N/A       2%          3
h - Dispel Undead         Necr           78%        3d26      1%          4
z - Sublimation of Blood  Necr           78%        N/A       1%          2

Your spell library contained the following spells:

 Spells                   Type           Power      Damage    Failure   Level
 Necrotise                Necr           100%       1d9       1%          1
 Poisonous Vapours        Pois/Air       100%       N/A       1%          2
 Agony                    Necr           78%        N/A       2%          5
 Dazzling Flash           Conj/Hex       82%        N/A       6%          3
 Spider Form              Tmut/Pois      41%        N/A       6%          3
 Apportation              Tloc           40%        N/A       7%          1
 Beastly Appendage        Tmut           40%        N/A       7%          1
 Summon Small Mammal      Summ           80%        N/A       7%          1
 Anguish                  Hex/Necr       28%        N/A       7%          4
 Call Imp                 Summ           20%        N/A       10%         2
 Wereblood                Tmut           20%        N/A       10%         2
 Death Channel            Necr           39%        N/A       12%         6
 Gell's Gravitas          Tloc           20%        N/A       17%         3
 Lesser Beckoning         Tloc           20%        N/A       17%         3
 Teleport Other           Tloc           20%        N/A       17%         3
 Fulminant Prism          Conj/Hex       20%        3d13      17%         4
 Hailstorm                Conj/Ice       41%        3d10      17%         4
 Iskenderun's Mystic Bla  Conj/Tloc      41%        2d9       17%         4
 Ice Form                 Ice/Tmut       20%        N/A       45%         4
 Summon Ice Beast         Ice/Summ       20%        N/A       45%         4
 Manifold Assault         Tloc           20%        N/A       80%         5
 Summon Mana Viper        Hex/Summ       20%        N/A       80%         5
 Borgnjor's Revivificati  Necr           39%        N/A       98%         8
 Infestation              Necr           39%        N/A       98%         8
 Haunt                    Necr/Summ      28%        N/A       99%         7
 Dispersal                Tloc           10%        N/A       100%        6
 Enfeeble                 Hex            10%        N/A       100%        7
 Monstrous Menagerie      Summ           10%        N/A       100%        7
 Necromutation            Tmut/Necr      28%        N/A       100%        8
 Death's Door             Necr           39%        N/A       100%        9
 Animate Dead             Necr           Unusable   N/A       N/A         4
 Corpse Rot               Necr/Pois/Air  Unusable   N/A       N/A         4
 Blink                    Tloc           Unusable   N/A       N/A         2
 Simulacrum               Ice/Necr       Unusable   N/A       N/A         6

Dungeon Overview and Level Annotations

Branches:
Dungeon (12/15)            Temple (1/1) D:6            Lair (5/5) D:9
  Swamp (0/4) Lair:3        Snake (0/4) Lair:2        Slime (0/5) Lair:5
    Orc (2/2) D:11            Elf (0/3) Orc:2         IceCv (visited)

Altars:
Ashenzari
Cheibriados
Dithmenos
Elyvilon
Fedhas
Gozag
Hepliaklqana
Kikubaaqudgha
Makhleb
Nemelex Xobeh
Okawaru
Qazlal
Ru
Sif Muna
Trog
Uskayaw
Vehumet
Wu Jian
Xom
Yredelemnul
Zin
The Shining One

Shops:
D:2 !?[   D:4 *   D:7 *   D:10 :   D:11 [   Orc:1 *   Orc:2 =*?:

Annotations:
D:10 3 runed translucent doors
D:12 exclusions: hydra, ugly thing and 1 more exclusion


Innate Abilities, Weirdness & Mutations

You cannot be hasted, slowed, berserked, paralysed or teleported.
You can dig through walls and to a lower floor.
You have a pair of large antennae on your head. (SInv)
Your four strong arms can wield two-handed weapons with a shield.
You are partially covered in iridescent scales. (AC +2)
You are dopey. (Int -2)
Your spells are a little harder to cast, but a little more powerful.
Your movements are slightly less encumbered by armour. (ER -2)


Message History

2 potions of attraction; a staff of air; the ring of Democracy {rCorr Int-3 Dex+7}; a ring of positive energy
Casting: Mephitic Cloud (mildly dangerous; 2% risk of failure)
Confirm with . or Enter, or press ? or * to list all spells.
Aiming: Mephitic Cloud (mildly dangerous; 2% risk of failure)
Press: ? - help, Shift-Dir - straight line, f - ogre
Aim: an ogre, wielding a +0 giant spiked club (chance to affect: 77%)
The ball explodes into a vile cloud!
The stinking cloud engulfs the ogre but does no damage.
The stinking cloud engulfs the ettin but does no damage.
The stinking cloud engulfs you but does no damage.
The ettin hits you with a +3 dire flail!!
The ettin misses you.
The ogre is engulfed in noxious fumes.
The ogre appears confused.
You see here a +0 giant club.
You thump the ettin!
The ettin is lightly wounded.
Your +8 spectral quarterstaff hits the ettin!
The ogre is engulfed in noxious fumes.
The ogre appears confused.
The ettin is engulfed in noxious fumes.
The ettin hits you with a +3 dire flail!!
The ettin hits you with a +0 dire flail!!
The ettin is engulfed in noxious fumes.
Things that are here:
a +0 ring mail; a +0 dagger; a +0 leather armour; a +0 flail
Casting: Mephitic Cloud (mildly dangerous; 2% risk of failure)
Confirm with . or Enter, or press ? or * to list all spells.
Aiming: Mephitic Cloud (mildly dangerous; 2% risk of failure)
Press: ? - help, Shift-Dir - straight line, f - ettin, p - ogre
Aim: an ettin, wielding a +3 dire flail and a +0 dire flail (moderately wounded, chance to affect: 43%)
The ball explodes into a vile cloud!
The stinking cloud engulfs the ettin but does no damage.
The ettin is moderately wounded.
The stinking cloud engulfs you but does no damage.
The ettin is engulfed in noxious fumes.
The ettin hits you with a +3 dire flail!!
The ettin hits you with a +0 dire flail!!
You die...
Your body crumbles into a pile of gold.

#......######..........###.......
#'#######.# ##..........###......
....# #.#####.#.......####.....
._..# #....######........##...#
....# ##[.....####........#...#
#'########........###............
..#.....#...)[.....###.......)...
#.#.....#.[..°○§[....##..........
#.'..⌠..#.O..°§C@))...)#.........
'.#....)#...°§○.§(#..............
#.#.....#.....§..#)..............
#.###'###).....###[..............
#.#....[......###).##............
).#...........##..####..#####...#
#.##.........#####.# ####...#8.8#
#'##.......###.##.### #)..##'##
..##.......##....##.### ##)###.##


You could see an ettin and an ogre (confused).

Vanquished Creatures
  Jorgrun (D:12)
  2 azure jellies (IceCv)
  An orc warlord (Orc:2)
  A quicksilver ooze (IceCv)
  Snorg (D:11)
  Josephine (Orc:2)
  A fire dragon (D:8)
  3 hydras
  Harold (Lair:2)
  Erica (D:9)
  A centaur warrior (D:8)
  12 two-headed ogres
  The ghost of McKennaii the Fighter, a novice DgFi (D:10)
  A boulder beetle (D:8)
  3 death yaks
  2 tengu warriors (D:12)
  4 orc high priests (Orc:2)
  Nergalle (Lair:1)
  4 orc knights (Orc:2)
  2 ugly things
  3 orc sorcerers (Orc:2)
  2 cyclopes
  3 manticores
  Joseph (D:9)
  5 black mambas
  An ice statue (IceCv)
  15 elephants
  6 gargoyles
  11 cane toads
  Psyche (D:10)
  11 komodo dragons
  A kobold demonologist (D:6)
  A rime drake (Lair:5)
  5 trolls
  6 polar bears
  A tarantella (shapeshifter) (D:10)
  14 slime creatures (IceCv)
  5 dream sheep (Lair:5)
  3 blink frogs (Lair:1)
  8 hornets
  6 shadows
  14 spriggans
  4 wraiths
  41 yaks
  2 basilisks
  2 vampires
  3 wyverns
  An unseen horror simulacrum (D:10)
  3 steam dragons
  A swamp worm (Lair:3)
  3 nagas (Lair:2)
  Edmund (D:5)
  A warg (Orc:2)
  4 acid dragons
  26 water moccasins
  A two-headed ogre zombie (D:11)
  4 great orb of eyes simulacra (IceCv)
  6 black bears
  45 orc warriors
  An ice beast (D:7)
  2 sky beasts
  14 ogres
  4 boggarts (Lair:5)
  32 wolves
  6 centaurs
  4 slime creature simulacra (IceCv)
  6 kobold brigands
  4 phantoms
  20 bullfrogs
  4 glowing shapeshifter simulacra (IceCv)
  3 scorpions
  A necrophage (D:5)
  2 gnoll sergeants
  7 wights
  A troll zombie (D:11)
  27 killer bees
  3 howler monkeys
  An electric eel (D:6)
  3 hounds
  4 gnoll boudas
  31 orc priests
  2 jellies
  5 iguanas
  22 orc wizards
  2 shapeshifter simulacra (IceCv)
  6 ogre zombies (D:11)
  16 gnolls
  4 adders
  A shadow imp (D:5)
  3 white imps
  An ufetubus (D:7)
  2 worms (D:2)
  90 orcs
  6 ball pythons
  7 endoplasms
  4 giant cockroaches
  3 goblins
  6 hobgoblins
  14 jackals
  6 bats
  4 frilled lizards
  2 goblin zombies (D:11)
  A hobgoblin skeleton (D:11)
  24 kobolds
  3 orc skeletons (D:11)
  19 orc zombies (D:11)
  4 rats
752 creatures vanquished.

Vanquished Creatures (collateral kills)
  A killer bee (D:9)
1 creature vanquished.

Vanquished Creatures (others)
  A spriggan (Lair:5)
  A wyvern (D:9)
  A yak (D:9)
  An orc warrior (D:9)
  A bullfrog (D:9)
  A killer bee (D:9)
  2 electric eels (D:6)
  2 orc wizards (D:9)
  An orc (D:10)
  82 fungi
  99 plants
192 creatures vanquished.

Grand Total: 945 creatures vanquished

Notes
Turn   | Place    | Note
-------+----------+-------------------------------------------
     0 | D:1      | DildoBatman the Formicid Conjurer began the quest for the
                  | Orb.
     0 | D:1      | Reached XP level 1. HP: 13/13 MP: 3/3
   165 | D:1      | You fall into a shaft and drop 1 floor!
   300 | D:2      | Reached XP level 2. HP: 20/20 MP: 0/5
   306 | D:2      | Learned a level 2 spell: Searing Ray
   543 | D:2      | Found Gien's Antique Armour Shop.
   620 | D:2      | Found Keabyly's Magic Scroll Boutique.
   801 | D:2      | Found Xyaragg's Distillery.
   813 | D:2      | Noticed a phantom
   861 | D:1      | Reached XP level 3. HP: 25/25 MP: 3/6
   893 | D:1      | Reached skill level 1 in Shields
  1036 | D:1      | Reached skill level 1 in Fighting
  1036 | D:1      | Reached skill level 1 in Armour
  1800 | D:2      | Found a faded altar of an unknown god.
  1977 | D:2      | Reached XP level 4. HP: 32/32 MP: 1/8
  2139 | D:2      | Killed a phantom
  2140 | D:2      | Reached skill level 2 in Shields
  2140 | D:2      | Reached XP level 5. HP: 38/38 MP: 0/9
  2737 | D:3      | Learned a level 3 spell: Mephitic Cloud
  2847 | D:3      | Found a faded altar of an unknown god.
  2851 | D:3      | Found an ancient bone altar of Kikubaaqudgha.
  2947 | D:2      | Bought a scroll of magic mapping for 90 gold pieces
  3075 | D:4      | Found a hazy altar of Hepliaklqana.
  3219 | D:4      | Found Eckuaj's General Store.
  3230 | D:3      | Became a worshipper of Kikubaaqudgha
  3350 | D:4      | Reached XP level 6. HP: 26/44 MP: 10/10
  3401 | D:4      | Reached skill level 1 in Poison Magic
  3492 | D:4      | Reached skill level 3 in Shields
  3527 | D:4      | Reached * piety under Kikubaaqudgha
  3527 | D:4      | Received a gift from Kikubaaqudgha
  3551 | D:4      | Reached skill level 1 in Air Magic
  3660 | D:4      | Reached XP level 7. HP: 20/51 MP: 12/12
  3698 | D:4      | Found a basalt altar of Yredelemnul.
  3831 | D:5      | Entered Level 5 of the Dungeon
  4133 | D:5      | Noticed Edmund
  4138 | D:5      | Learned a level 2 spell: Sublimation of Blood
  4477 | D:5      | Reached XP level 8. HP: 40/58 MP: 9/14
  4737 | D:5      | Killed Edmund
  4792 | D:6      | Reached skill level 5 in Conjurations
  4792 | D:6      | Found a staircase to the Ecumenical Temple.
  4884 | D:6      | Noticed a kobold demonologist
  4897 | D:6      | Killed a kobold demonologist
  4898 | D:6      | Reached skill level 5 in Spellcasting
  4898 | D:6      | Reached skill level 5 in Poison Magic
  4968 | D:6      | Found a transporter.
  5044 | D:6      | Found a transporter.
  5071 | D:6      | Reached XP level 9. HP: 52/63 MP: 16/16
  5156 | D:6      | Reached ** piety under Kikubaaqudgha
  5706 | D:7      | Found a stormy altar of Qazlal.
  5790 | D:7      | Found an opulent altar of Gozag.
  5815 | D:7      | Found Asoh Mui's Assorted Antiques.
  5911 | D:7      | Bought a scroll labelled REUVUV QENI for 24 gold pieces
  5911 | D:7      | Bought a puce potion for 21 gold pieces
  5911 | D:7      | Bought a scroll labelled REUVUV QENI for 24 gold pieces
  5911 | D:7      | Bought 3 scrolls labelled EGEBIKUXKU for 72 gold pieces
  5911 | D:7      | Bought a pink potion for 21 gold pieces
  6254 | D:7      | Reached *** piety under Kikubaaqudgha
  6254 | D:7      | Received a gift from Kikubaaqudgha
  6255 | D:7      | Reached XP level 10. HP: 48/73 MP: 12/20
  6264 | D:7      | Learned a level 4 spell: Dispel Undead
  6518 | D:7      | Noticed a gargoyle
  6632 | D:7      | Reached skill level 5 in Fighting
  6632 | D:7      | Reached skill level 5 in Armour
  6664 | D:8      | Noticed a two-headed ogre
  6694 | D:8      | Reached skill level 1 in Necromancy
  6833 | D:7      | Noticed a gargoyle
  7347 | D:8      | Killed a two-headed ogre
  7348 | D:8      | Reached skill level 5 in Necromancy
  7862 | D:8      | Noticed a fire dragon
  7931 | D:7      | Noticed a gargoyle
  8120 | D:2      | Bought 2 potions of mutation for 176 gold pieces
  8159 | D:2      | Bought a scroll of identify for 24 gold pieces
  8159 | D:2      | Bought a scroll of magic mapping for 90 gold pieces
  8159 | D:2      | Gained mutation: Your magical capacity is low. (-10% MP)
                  | [potion of mutation]
  8159 | D:2      | Gained mutation: You are somewhat resistant to further
                  | mutation. [potion of mutation]
  8160 | D:2      | Lost mutation: You are somewhat resistant to further
                  | mutation. [potion of mutation]
  8160 | D:2      | Lost mutation: Your magical capacity is low. (-10% MP)
                  | [potion of mutation]
  8160 | D:2      | Gained mutation: You are dopey. (Int -2) [potion of
                  | mutation]
  8160 | D:2      | Gained mutation: You are partially covered in iridescent
                  | scales. (AC +2) [potion of mutation]
  8160 | D:2      | Gained mutation: Your spells are a little harder to cast,
                  | but a little more powerful. [potion of mutation]
  8160 | D:2      | Gained mutation: Your movements are slightly less
                  | encumbered by armour. (ER -2) [potion of mutation]
  8513 | D:7      | Noticed a gargoyle
  8692 | D:8      | Noticed a two-headed ogre
  8711 | D:8      | Noticed a manticore
  8874 | D:8      | Reached skill level 4 in Shields
  8932 | D:8      | Reached XP level 11. HP: 71/80 MP: 21/21
  9033 | D:8      | Killed a two-headed ogre
  9057 | D:8      | Reached skill level 5 in Shields
  9283 | D:8      | Killed a manticore
  9391 | D:8      | Noticed a white ugly thing
  9493 | D:9      | Found a shimmering altar of Xom.
  9760 | D:9      | Reached skill level 6 in Shields
  9820 | D:9      | Noticed a two-headed ogre
  9856 | D:9      | Killed a two-headed ogre
  9911 | D:9      | Reached skill level 5 in Dodging
  9929 | D:9      | Reached **** piety under Kikubaaqudgha
  9937 | D:9      | Noticed Erica
 10005 | D:9      | Reached skill level 7 in Shields
 10345 | D:9      | Killed Erica
 10366 | D:9      | Found a staircase to the Lair.
 10401 | D:9      | Reached XP level 12. HP: 71/92 MP: 16/22
 10551 | D:9      | Noticed Joseph
 10632 | D:9      | Killed Joseph
 10671 | D:9      | Reached skill level 8 in Shields
 11203 | D:10     | Entered Level 10 of the Dungeon
 11227 | D:10     | Found a blossoming altar of Fedhas.
 11357 | D:10     | Noticed a two-headed ogre
 11434 | D:10     | Killed a two-headed ogre
 11515 | D:10     | Found a runed translucent door.
 11518 | D:10     | Noticed McKennaii's ghost (novice DgFi)
 11518 | D:10     | Identified the +7 trident of Impeachment {vorpal, Drain
                  | Int+10}
 11628 | D:10     | Noticed Psyche
 11642 | D:10     | Killed Psyche
 11747 | D:10     | Found a runed translucent door.
 11748 | D:10     | Noticed a stone giant
 11749 | D:10     | Found a runed translucent door.
 11749 | D:10     | Noticed an ogre mage
 11749 | D:10     | Noticed a skeletal warrior
 11750 | D:10     | Found a runed translucent door.
 11808 | D:10     | Noticed a two-headed ogre
 11843 | D:10     | Killed a two-headed ogre
 11844 | D:10     | Reached skill level 9 in Shields
 11871 | D:10     | Found Gacubamn's Book Shoppe.
 12385 | D:11     | Noticed a two-headed ogre
 12401 | D:11     | Killed a two-headed ogre
 12529 | D:11     | Reached ***** piety under Kikubaaqudgha
 12580 | D:11     | Found a staircase to the Orcish Mines.
 12624 | D:11     | Noticed a two-headed ogre
 12639 | D:11     | Killed a two-headed ogre
 12705 | D:11     | Reached XP level 13. HP: 69/101 MP: 25/25
 12970 | D:11     | Noticed an eight-headed hydra
 13035 | D:11     | Found Rublue's Armour Boutique.
 13234 | Orc:1    | Entered Level 1 of the Orcish Mines
 13234 | Orc:1    | Noticed Snorg
 13248 | D:11     | Killed Snorg
 13370 | D:11     | You fall into a shaft and drop 1 floor!
 13463 | D:12     | Reached skill level 1 in Staves
 13502 | D:12     | Reached skill level 10 in Shields
 13566 | D:12     | Noticed a six-headed hydra
 13606 | D:12     | Noticed Jorgrun
 13627 | D:12     | Killed Jorgrun
 13673 | D:12     | Found a frozen archway.
 13770 | IceCv    | Entered an ice cave
 14096 | IceCv    | Got the ring of Ephemeral Luck {Ice Will+}
 14444 | IceCv    | Reached skill level 10 in Fighting
 14462 | IceCv    | Reached skill level 10 in Armour
 14493 | IceCv    | Noticed a quicksilver ooze
 14500 | IceCv    | Killed a quicksilver ooze
 14550 | IceCv    | Found a viscous altar of Jiyva.
 14550 | IceCv    | Noticed an azure jelly
 14567 | IceCv    | Noticed an azure jelly
 14569 | IceCv    | Killed an azure jelly
 14577 | IceCv    | Killed an azure jelly
 14651 | IceCv    | Identified the ring of Lucidity {rPois Will+ Str+4}
 14655 | IceCv    | Identified the ring of Ygeuroom {Fire Str+4 Int+3}
 14823 | D:12     | Noticed a four-headed hydra
 15220 | D:11     | Reached skill level 11 in Shields
 15406 | Orc:2    | Entered Level 2 of the Orcish Mines
 15440 | Orc:2    | Reached XP level 14. HP: 87/108 MP: 27/27
 15590 | Orc:2    | Reached ****** piety under Kikubaaqudgha
 15592 | Orc:2    | Received a gift from Kikubaaqudgha
 15620 | D:11     | Fell from the grace of Kikubaaqudgha
 15781 | Temple   | Entered the Ecumenical Temple
 16091 | D:7      | Became a worshipper of Gozag Ym Sagoz the Greedy
 17029 | Lair:1   | Entered Level 1 of the Lair of Beasts
 17099 | Lair:1   | Noticed Nergalle
 17140 | Lair:1   | Killed Nergalle
 17414 | Lair:1   | Identified the +3 pair of boots of Past Mistakes {Int+5}
 17844 | Lair:2   | Found a staircase to the Snake Pit.
 18128 | Lair:2   | Noticed Harold
 18144 | Lair:2   | Killed Harold
 18206 | Lair:2   | Identified the +7 dagger of Recklessness {vorpal, rPois
                  | rC+}
 18518 | Lair:3   | Reached skill level 12 in Shields
 18785 | Lair:3   | Reached skill level 10 in Spellcasting
 19003 | Lair:3   | Identified the +3 spear "Ycwu" {vorpal, rElec rF- Int+4}
 19462 | Lair:3   | Found a staircase to the Swamp.
 19571 | Lair:3   | Reached XP level 15. HP: 112/119 MP: 19/29
 20677 | Lair:5   | Entered Level 5 of the Lair of Beasts
 20677 | Lair:5   | Found a staircase to the Slime Pits.
 20763 | Lair:5   | Reached skill level 13 in Shields
 21389 | Lair:5   | Reached skill level 14 in Shields
 21412 | Lair:5   | Identified the +10 quarterstaff of Crusades {vorpal, rN+}
 22449 | D:10     | Killed McKennaii's ghost
 22879 | Orc:2    | Reached skill level 15 in Shields
 22882 | Orc:2    | Was forgiven by Kikubaaqudgha
 23007 | Orc:2    | Noticed an orc warlord
 23074 | Orc:2    | Killed an orc warlord
 23121 | Orc:2    | HP: 1/120 [smoke demon/divine providence[an orc high
                  | priest] (15)]
 23126 | Orc:2    | HP: 3/120 [orc warrior/+0 hand axe (7)]
 23305 | Orc:2    | Found Ylyurchia's Book Emporium.
 23322 | Orc:2    | Reached XP level 16. HP: 86/127 MP: 27/31
 23400 | Orc:2    | Found Fesiumij's Magic Scroll Shop.
 23415 | Orc:2    | Bought a scroll of enchant weapon for 82 gold pieces
 23480 | Orc:2    | Reached skill level 16 in Shields
 23615 | Orc:2    | Noticed Josephine
 23653 | Orc:2    | Killed Josephine
 23795 | Orc:2    | Found Oloaj's Jewellery Emporium.
 23823 | Orc:2    | Found Pafone's Assorted Antiques.
 23844 | Orc:2    | Bought a sparkling platinum ring for 175 gold pieces
 23844 | Orc:2    | Identified the ring of Democracy {rCorr Int-3 Dex+7} (You
                  | bought it in a shop on level 2 of the Orcish Mines)
 23844 | Orc:2    | Bought a shimmering scimitar for 315 gold pieces
 23844 | Orc:2    | Identified the +6 scimitar "Juacanao" {protect, rElec} (You
                  | bought it in a shop on level 2 of the Orcish Mines)
 23956 | Orc:2    | Reached skill level 10 in Necromancy
 24160 | Orc:2    | Found a staircase to the Elven Halls.
 24663 | Orc:1    | Found Ytucoc's General Store.
 24788 | Orc:2    | Demolished by an ettin

Illustrated notes

Levels and vault maps discovered:
D:1:      minmay_arrival_doors, layout_basic
D:2:      layout_loops_corners, ebering_ecumenical_altar_sacrificial,
          serial_shops, shop, nicolae_lakefront_shop, nicolae_shop_statue_plus
D:3:      layout_loops_corners, nicolae_overflow_ecumenical_swirl,
          nrook_loot_triangle, minmay_misc_feat_rows, minmay_tree_intersection,
          amethyst_killhole
D:4:      layout_loops_cross, mainiacjoe_overflow_paths,
          mainiacjoe_overflow_alcove_2, serial_shops, kennysheep_mini
D:5:      layout_basic, uniq_edmund
D:6:      gammafunk_steamed_eel, layout_loops_ring, minmay_temple_entry_waves,
          nicolae_benzene_ring
D:7:      cheibrodos_statue_roulette, layout_loops_ring,
          grunt_gozag_breadcrumbs, grunt_qazlal_clouds, serial_shops,
          nicolae_shop_hallway_plus
D:8:      nzn_winding_woodlands_stair_cross
          [nzn_winding_woodlands_5x15_pathside_ponds,
          nzn_winding_woodlands_center_lodge,
          nzn_winding_woodlands_5x15_crooked, nzn_winding_woodlands_hourglass,
          nzn_winding_woodlands_5x5_cross, nzn_winding_woodlands_5x15_cabin,
          nzn_winding_woodlands_center_triple_pond,
          nzn_winding_woodlands_5x15_jagged], layout_cave_pods, dk_vineyard_2
D:9:      layout_basic, xom_confusion_cloud, due_lair_maze_entry_diamond,
          dreamdust_mushroom_princess, minmay_chambers_of_fives, uniq_erica,
          uniq_joseph
D:10:     minmay_the_grid_four_pointed_star_mashed
          [minmay_the_grid_triangle_9x9_fully_insulated_deathbox,
          minmay_the_grid_triangle_9x9_stretched_checkered,
          minmay_the_grid_triangle_9x9_shrine,
          minmay_the_grid_triangle_9x9_impossible_snake,
          minmay_the_grid_prize_diamond_cup], layout_rooms,
          general_overflow_altar, ebering_ghost_funeral_grove, serial_shops,
          shop, uniq_psyche
D:11:     layout_roguey, zombieorc2_lemuel, serial_shops,
          nicolae_shop_waterfront, minmay_quadrilaterals
D:12:     layout_grid_maze, portal_ice_cave_entry_pillars_1, uniq_jorgrun
Temple:   regret_index_temple_generic_petals
Lair:1:   layout_gridlike, lemuel_old_faithful, grunt_megastairs_1,
          serial_bayou_shore_b, uniq_nergalle
Lair:2:   layout_hall_layers, guppyfry_snake_entry_island, beast_lair_carwin_5,
          uniq_harold
Lair:3:   layout_cave_pods, palyth_hydra_swamp_entry
Lair:4:   layout_layer_cave
Lair:5:   minmay_lair_end_enchanted_forest, layout_cave_pods, slime_entry_1,
          serial_forest, infiniplex_forest_clump_small,
          infiniplex_forest_corner_1, infiniplex_forest_lined_room_2,
          infiniplex_forest_clump_curved
Orc:1:    layout_caves, serial_shops, shop, uniq_snorg
Orc:2:    pubby_orc_utopia, uniq_josephine

Skill      XL: |  1  2  3  4  5  6  7  8  9 10 11 12 13 14 15 16 |
---------------+-------------------------------------------------+-----
Dodging        | 2 3 5 7 8 9 |  9.0
Shields        | 1 2 3 4 7 9 11 12 15 16 | 16.0
Fighting       | 1 2 3 4 5 7 9 10 11 12 | 12.0
Armour         | 1 2 3 4 5 7 9 10 11 12 | 12.0
Spellcasting   | 3 4 5 7 8 9 10 11 | 11.0
Conjurations   | 4 5 6 |  6.0
Poison Magic   | 1 3 5 6 |  6.0
Air Magic      | 1 2 3 4 |  4.0
Necromancy     | 6 7 8 9 10 | 10.7
Staves         | 3 4 |  4.0
Stealth        | |  2.4

Action                   |  1- 3 |  4- 6 |  7- 9 | 10-12 | 13-15 | 16-18 || total
-------------------------+-------+-------+-------+-------+-------+-------++-------
Melee: Unarmed           |    11 |       |       |    13 |       |       ||    24
       Dagger            |    22 |    93 |    54 |    87 |       |       ||   256
       Punch             |     1 |       |       |       |       |       ||     1
       Short sword       |       |       |     2 |    18 |       |       ||    20
       Quarterstaff      |       |       |       |   165 |   890 |   171 ||  1226
       Scimitar          |       |       |       |       |    24 |       ||    24
 Fire: Shortbow          |       |       |       |     3 |       |       ||     3
Throw: Dart              |       |       |       |     8 |       |       ||     8
 Cast: Magic Dart        |    48 |     8 |    21 |    39 |     9 |       ||   125
       Searing Ray       |    10 |    25 |    58 |    88 |    22 |     1 ||   204
       Mephitic Cloud    |       |       |    24 |   108 |    98 |    19 ||   249
       Sublimation of Bl |       |       |       |     7 |     6 |       ||    13
       Dispel Undead     |       |       |       |     9 |    25 |     1 ||    35
Invok: Receive Forbidden |       |       |       |       |     1 |       ||     1
       Renounce Religion |       |       |       |       |     1 |       ||     1
 Abil: Dig               |       |     1 |       |       |     2 |       ||     3
       Shaft Self        |       |       |       |       |     1 |       ||     1
Evoke: Condenser vane    |       |       |       |       |     2 |       ||     2
       Phial of floods   |       |       |       |       |     1 |       ||     1
  Use: Scroll            |       |     1 |       |    10 |     8 |     6 ||    25
       Potion            |       |       |     2 |     2 |     4 |       ||     8
 Stab: Sleeping          |       |     1 |       |       |     2 |     2 ||     5
       Confused          |       |       |     6 |    24 |    46 |     9 ||    85
       Distracted        |       |       |       |     1 |     7 |     1 ||     9
Armor: Robe              |     7 |    34 |     9 |    27 |       |       ||    77
       Acid dragon scale |       |       |       |    15 |       |       ||    15
       Skin              |       |       |       |     1 |       |       ||     1
       Troll leather arm |       |       |       |    33 |   282 |    26 ||   341
Dodge: Dodged            |    27 |    59 |    49 |   207 |   468 |    74 ||   884
Block: Buckler           |       |    18 |    13 |    93 |   245 |    53 ||   422
